 Dungeon Crawl Stone Soup version 0.19.4 (webtiles) character file.

109777 Naow the Eclecticist (level 16, -2/96 HPs)
             Began as a Deep Elf Conjurer on Feb 1, 2017.
             Was a High Priest of Vehumet.
             Shot with a sling bullet by a faun (7 damage)
             ... on level 2 of the Shoals on Feb 2, 2017.
             The game lasted 01:30:23 (38395 turns).

Naow the Eclecticist (Deep Elf Conjurer)           Turns: 38395, Time: 01:30:23

Health: -2/96      AC: 19    Str:  5    XL:     16   Next: 5%
Magic:  12/47      EV: 17    Int: 41    God:    Vehumet [*****.]
Gold:   1384       SH:  6    Dex: 19    Spells: 7 memorised, 22 levels left

rFire  + . .     SeeInvis .     V - staff of poison
rCold  . . .     Gourm    .     e - +1 ring mail "Nuyturir" {MP+9}
rNeg   . . .     Faith    .     u - +0 buckler {rF+}
rPois  +         Spirit   .     a - +2 helmet
rElec  +         Reflect  .     s - +0 cloak
rCorr  .         Harm     .     x - +5 pair of gloves of Articulation {Int+3 Dex+4 Stlth-}
MR     +....                    y - +0 pair of boots
Stlth  ++........               t - amulet "Xalalat" {RegenMP rElec}
                                R - +5 ring of intelligence
                                j - ring of stealth

@: brilliant
A: no striking features
a: Renounce Religion


You were on level 2 of the Shoals.
You worshipped Vehumet.
Vehumet was extremely pleased with you.
You were not hungry.

You visited 6 branches of the dungeon, and saw 27 of its levels.
You also visited: Sewer.

You collected 2131 gold pieces.
You spent 747 gold pieces at shops.

Inventory:

Armour
 a - a +2 helmet (worn)
 e - the +1 ring mail "Nuyturir" (worn) {MP+9}
   (You bought it in a shop on level 2 of the Orcish Mines)

   It affects your magic capacity (+9).
 s - a +0 cloak (worn)
 u - a +0 buckler of fire resistance (worn)
 x - the +5 pair of gloves of Articulation (worn) {Int+3 Dex+4 Stlth-}
   (You bought it in a shop on level 7 of the Dungeon)

   It affects your intelligence (+3).
   It affects your dexterity (+4).
   It makes you less stealthy.
 y - a +0 pair of boots (worn)
 T - a +1 troll leather armour {Snorg}
Magical Staves
 V - an uncursed staff of poison (weapon)
Jewellery
 j - a ring of stealth (left hand)
 t - the amulet "Xalalat" (around neck) {RegenMP rElec}
   (You acquired it on level 15 of the Dungeon)

   [amulet of magic regeneration]

   It increases your magic regeneration.
   It insulates you from electricity.
 C - an uncursed amulet of regeneration
 R - a +5 ring of intelligence (right hand)
Wands
 v - a wand of hasting (6/9)
Scrolls
 f - 5 scrolls of recharging
 h - a scroll of magic mapping
 q - 6 scrolls of teleportation
 B - a scroll of blinking
 D - 3 scrolls of amnesia
 F - 3 scrolls of immolation
 K - 8 scrolls of remove curse
 U - 2 scrolls of enchant armour
 W - 2 scrolls of enchant weapon
Potions
 d - 3 potions of might
 i - 2 potions of invisibility
 k - 3 potions of curing
 l - a potion of resistance
 m - 3 potions of lignification
 o - 2 potions of berserk rage
 p - 3 potions of cure mutation
 r - a potion of mutation
 w - 2 potions of brilliance
 z - 2 potions of flight
 A - 2 potions of haste
 H - a potion of ambrosia
 M - 3 potions of agility
Books
 I - a book of Cantrips

   Spells                             Type                      Level
   a - Confusing Touch                Hexes                        1
   b - Animate Skeleton               Necromancy                   1
   c - Summon Small Mammal            Summoning                    1
   d - Apportation                    Translocation                1
 Y - a book of Dreams

   Spells                             Type                      Level
   a - Ensorcelled Hibernation        Hexes/Ice                    2
   b - Silence                        Hexes/Air                    5
   c - Darkness                       Hexes                        6
   d - Shadow Creatures               Summoning                    6
 Z - a book of Spatial Translocations

   Spells                             Type                      Level
   a - Blink                          Translocation                2
   b - Shroud of Golubria             Charms/Translocation         2
   c - Lesser Beckoning               Translocation                3
   d - Portal Projectile              Translocation                3
   e - Teleport Other                 Translocation                3
   f - Passage of Golubria            Translocation                4
Comestibles
 c - 14 bread rations
 n - 4 meat rations
 G - 8 chunks of flesh
 N - 10 royal jellies
 P - 4 beef jerkies
 Q - 18 fruits
 S - 10 slices of pizza


   Skills:
 + Level 9.6 Fighting
 + Level 5.1 Armour
 + Level 14.1 Dodging
 + Level 8.8 Stealth
 - Level 6.2 Shields
 - Level 16.4 Spellcasting
 - Level 15.2 Conjurations
 - Level 9.6 Hexes
 - Level 7.2 Charms
 + Level 4.9 Translocations


You had 22 spell levels left.
You knew the following spells:

 Your Spells              Type           Power        Failure   Level  Hunger
a - Magic Dart            Conj           ####         0%          1    None
b - Searing Ray           Conj           ######       0%          2    None
c - Iskenderun's Battles  Conj/Chrm      ########     1%          5    None
d - Iskenderun's Mystic   Conj           ########     1%          4    None
e - Fulminant Prism       Conj/Hex       ########..   1%          4    None
f - Orb of Destruction    Conj           ########..   1%          7    ##.....
g - Blink                 Tloc           N/A          1%          2    None


Dungeon Overview and Level Annotations

Branches:
Dungeon (15/15)            Temple (1/1) D:7            Lair (6/6) D:8
 Shoals (2/4) Lair:2        Snake (1/4) Lair:3        Slime (0/5) Lair:6
    Orc (2/2) D:12            Elf (0/3) Orc:2        Vaults (0/5) D:13
 Depths (0/5) D:15

Altars:
Ashenzari
Cheibriados
Dithmenos
Fedhas
Gozag
Hepliaklqana
Kikubaaqudgha
Makhleb
Nemelex Xobeh
Okawaru
Qazlal
Ru
Sif Muna
Trog
Uskayaw
Vehumet
Xom
Yredelemnul
Zin
The Shining One
Beogh

Shops:
D:4 *!?   D:7 [(   D:9 *   Orc:2 %[(}


Message History

Vehumet accepts your kill.
You feel your power returning.
You hear a splash.
Your battlesphere fires!
A sling bullet appears from out of your range of vision.
The sling bullet hits your battlesphere!!
You hear a splash.
A sling bullet appears from out of your range of vision.
The sling bullet hits your battlesphere!!
Your battlesphere is destroyed!
You hear a splash.
A faun comes into view.
It is wielding a hunting sling of freezing.
Casting: Iskenderun's Mystic Blast
Confirm with . or Enter, or press ? or * to list all spells.
You conjure a globe of magical energy.
The faun shouts!
The faun shoots a sling bullet.
The sling bullet hits you!
* * * LOW HITPOINT WARNING * * *
The sling bullet freezes you!
You die...

..
#..............≈≈≈.≈≈..≈≈
≈.
#.....≈≈≈≈≈≈≈≈≈≈≈≈≈≈###..
#.....≈≈≈≈≈≈≈≈≈≈≈≈≈.#
#....≈≈≈≈≈≈≈≈≈≈...≈...
##...≈≈≈≈...≈....≈≈...
#...≈≈≈≈...≈....≈...
#....≈≈≈≈...≈≈.###..
.....≈≈≈≈≈≈≈≈≈..###≈≈
<.....≈≈≈≈≈≈≈≈@§.....c
≈≈≈≈≈≈≈≈≈≈≈≈≈≈≈≈*≈≈≈)≈
≈≈≈≈≈≈≈≈≈≈≈≈)≈≈≈≈≈≈
≈≈≈≈≈≈≈≈≈≈≈≈≈≈)≈≈≈≈
≈≈≈≈≈≈≈≈≈≈≈≈≈≈≈†≈≈≈
≈≈≈≈≈≈≈≈≈≈≈≈≈≈≈≈≈≈≈
≈≈≈≈≈≈≈≈≈≈≈≈≈≈≈≈≈≈≈
≈≈≈≈≈≈≈≈≈≈≈≈≈≈≈


You could see a faun and a friendly battlesphere.

Vanquished Creatures
  Rupert (Orc:2)
  Kirke (Lair:4)
  A frost giant (D:15)
  An orc warlord (Orc:2)
  Azrael (Orc:2)
  Nessos (Lair:4)
  A merfolk impaler (Shoals:1)
  Snorg (D:10)
  Harold (Lair:4)
  Erolcha (D:9)
  8 vault guards
  3 hydras
  5 anacondas (Snake:1)
  A merfolk avatar (Shoals:1)
  5 centaur warriors
  A merfolk aquamancer (Shoals:2)
  An alligator snapping turtle (Shoals:1)
  A tengu warrior (D:13)
  An orc high priest (Orc:2)
  Sonja (D:12)
  2 unseen horrors
  6 sea snakes
  2 deep elf magi
  3 orc knights
  5 hill giants
  4 harpies (Shoals:2)
  Pikel (D:5)
  7 orc sorcerers (Orc:2)
  9 ugly things
  5 manticores
  4 cyclopes
  11 elephants
  7 sirens
  A centaur zombie (D:15)
  5 black mambas
  A naga mage (Snake:1)
  5 water nymphs
  21 spiny frogs
  An efreet (D:11)
  A rime drake (Lair:6)
  3 komodo dragons
  2 redback zombies
  A yaktaur (D:15)
  4 tengu conjurers
  A komodo dragon (shapeshifter) (D:13)
  A queen bee (D:9)
  3 polar bears
  9 merfolk
  3 meliai (D:15)
  10 trolls
  2 tyrant leeches (Lair:6)
  8 wind drakes
  4 blink frogs (Lair:4)
  A two-headed ogre (D:12)
  10 hippogriffs
  5 snapping turtles
  A meliai zombie (D:14)
  8 dream sheep
  A hippogriff (shapeshifter) (D:13)
  A centaur simulacrum (D:15)
  Sigmund (D:2)
  2 vampires
  A wraith (D:11)
  A spriggan (D:9)
  5 water elementals
  8 wyverns
  The ghost of Kiturien the Chopper, an amateur HOFi (D:5)
  26 yaks
  A hog (Lair:4)
  A fire elemental (Orc:2)
  A hog (shapeshifter) (D:12)
  6 hungry ghosts
  3 basilisks
  6 vampire mosquitoes
  12 wargs
  13 water moccasins
  5 nagas
  6 hell hounds (Orc:2)
  4 porcupines
  26 orc warriors
  A slave (D:5)
  6 wolves
  4 ice beasts
  2 eyes of draining (D:11)
  12 ogres
  4 black bears
  A phantom (D:9)
  9 centaurs
  11 crocodiles
  The ghost of letownia the Conjurer, an amateur OpWz (D:3)
  5 big kobolds
  28 bullfrogs
  4 gnoll sergeants (D:12)
  A wyvern zombie (D:11)
  A water moccasin zombie (D:6)
  A wyvern skeleton (D:14)
  A water moccasin skeleton (D:12)
  5 scorpions
  29 killer bees
  5 wights (D:13)
  3 electric eels
  4 howler monkeys
  6 crimson imps
  A bullfrog zombie (D:8)
  2 quasits
  5 hounds
  A gnoll shaman (D:7)
  5 bullfrog skeletons
  3 centaur skeletons
  An iron imp (D:9)
  21 orc priests
  49 orc wizards
  17 jellies
  Jessica (D:2)
  Crazy Yiuf (D:3)
  4 iguanas
  17 worker ants
  A killer bee zombie (D:10)
  A hound zombie (D:8)
  A hound skeleton (D:4)
  3 worker ant zombies
  Robin (D:2)
  10 gnolls
  15 adders
  2 river rats (Sewer)
  4 shadow imps
  2 oozes
  An adder skeleton (D:9)
  6 worms
  2 dart slugs
  10 leopard geckos
  126 orcs
  9 giant cockroaches
  12 goblins
  7 hobgoblins
  9 jackals
  25 kobolds
  7 quokkas
  6 ball pythons
  A ball python skeleton (D:4)
  4 bats
  9 frilled lizards
  10 rats
  2 fungi (Lair:6)
  A plant (Lair:6)
904 creatures vanquished.

Vanquished Creatures (others)
  2 humans
  A water moccasin (Lair:5)
  A slave (D:5)
  A crocodile (Lair:5)
  An orc priest (D:5)
  2 orc wizards
  A bush (Lair:6)
  26 fulminant prisms
  8 fungi
  19 plants
62 creatures vanquished.

Grand Total: 966 creatures vanquished

Notes
Turn   | Place    | Note
-------+----------+-------------------------------------------
     0 | D:1      | Naow the Deep Elf Conjurer began the quest for the Orb.
     0 | D:1      | Reached XP level 1. HP: 10/10 MP: 6/6
   176 | D:1      | Reached XP level 2. HP: 4/15 MP: 0/8
   407 | D:1      | Learned a level 2 spell: Searing Ray
   491 | D:1      | Reached skill level 5 in Conjurations
   732 | D:2      | Reached XP level 3. HP: 19/19 MP: 5/9
   843 | D:2      | Noticed Robin
   860 | D:2      | Noticed Jessica
   886 | D:2      | Killed Jessica
   886 | D:2      | Reached XP level 4. HP: 20/24 MP: 0/11
   888 | D:2      | Noticed Sigmund
   960 | D:2      | Killed Robin
   960 | D:2      | Reached skill level 4 in Spellcasting
  1384 | D:2      | Killed Sigmund
  1384 | D:2      | Reached skill level 5 in Spellcasting
  1384 | D:2      | Reached XP level 5. HP: 15/28 MP: 6/14
  2119 | D:3      | Found a glowing silver altar of Zin.
  2167 | D:3      | Reached XP level 6. HP: 32/32 MP: 7/15
  2297 | D:3      | Noticed letownia's ghost (amateur OpWz)
  2304 | D:3      | Killed letownia's ghost
  2407 | D:3      | Found a burning altar of Makhleb.
  2642 | D:3      | Found a bloodstained altar of Trog.
  2896 | D:3      | Found a runed door.
  2994 | D:3      | Noticed Crazy Yiuf
  2997 | D:3      | Killed Crazy Yiuf
  3012 | D:3      | Learned a level 5 spell: Iskenderun's Battlesphere
  3017 | D:3      | Learned a level 4 spell: Iskenderun's Mystic Blast
  3022 | D:3      | Learned a level 4 spell: Fulminant Prism
  3091 | D:4      | Found a basalt altar of Yredelemnul.
  3118 | D:4      | Found a blossoming altar of Fedhas.
  3127 | D:4      | Reached skill level 1 in Charms
  3337 | D:4      | Reached skill level 6 in Spellcasting
  3337 | D:4      | Reached XP level 7. HP: 36/36 MP: 15/18
  3428 | D:4      | Found a glowing drain.
  3432 | Sewer    | Entered a sewer
  3552 | Sewer    | Reached skill level 1 in Shields
  4041 | D:4      | Found Apuhog's Magic Scroll Emporium.
  4252 | D:4      | Found a sparkling altar of Nemelex Xobeh.
  4380 | D:4      | Found Wueseki's Distillery.
  4944 | D:4      | Found Heqov's General Store.
  4952 | D:4      | Bought a scroll of remove curse for 33 gold pieces
  5028 | D:5      | Entered Level 5 of the Dungeon
  5124 | D:5      | Noticed Kiturien's ghost (amateur HOFi)
  5929 | D:5      | Reached skill level 7 in Spellcasting
  5970 | D:5      | Killed Kiturien's ghost
  5970 | D:5      | Reached XP level 8. HP: 41/41 MP: 0/20
  6154 | D:5      | Noticed Pikel
  6367 | D:5      | Killed Pikel
  6367 | D:5      | Reached skill level 8 in Spellcasting
  6367 | D:5      | Reached skill level 5 in Charms
  6653 | D:5      | Found an iron altar of Okawaru.
  7075 | D:6      | Found a hide-covered altar of Uskayaw.
  7631 | D:6      | Found a snail-covered altar of Cheibriados.
  7662 | D:7      | Reached XP level 9. HP: 45/45 MP: 18/23
  8297 | D:7      | Reached skill level 9 in Spellcasting
  8297 | D:7      | Reached skill level 1 in Hexes
  8425 | D:7      | Found Asuasirph's Antique Armour Shoppe.
  8441 | D:7      | Bought a creamy pearl robe for 102 gold pieces
  8451 | D:7      | Identified the +0 robe "Jemaedo" {*Corrode Dex+7} (You bought it in a shop on level 7 of the Dungeon)
  8783 | D:7      | Found a staircase to the Ecumenical Temple.
  8802 | Temple   | Entered the Ecumenical Temple
  8925 | Temple   | Became a worshipper of Vehumet
  9420 | D:7      | Found Bocuek's Antique Weapon Boutique.
  9797 | D:8      | Noticed an elephant
 10145 | D:8      | Reached skill level 10 in Conjurations
 10148 | D:8      | Reached skill level 10 in Spellcasting
 10441 | D:8      | Found a shattered altar of Ashenzari.
 10624 | D:8      | Killed an elephant
 10624 | D:8      | Reached XP level 10. HP: 40/50 MP: 6/26
 10729 | D:8      | Found a staircase to the Lair.
 10767 | D:8      | Reached * piety under Vehumet
 10767 | D:8      | Offered knowledge of Sandblast by Vehumet.
 10768 | D:8      | Reached skill level 5 in Shields
 10936 | D:8      | Reached skill level 5 in Hexes
 11958 | D:9      | Noticed Erolcha
 11961 | D:9      | Killed Erolcha
 12083 | D:9      | Reached skill level 11 in Spellcasting
 12209 | D:9      | Found an ancient bone altar of Kikubaaqudgha.
 12210 | D:9      | Found a shadowy altar of Dithmenos.
 12947 | D:9      | Found Ecred's General Store.
 13027 | D:9      | Offered knowledge of Sting by Vehumet.
 13321 | D:9      | Reached ** piety under Vehumet
 13394 | D:10     | Entered Level 10 of the Dungeon
 13434 | D:10     | Reached XP level 11. HP: 54/54 MP: 19/28
 13500 | D:10     | Noticed Snorg
 13512 | D:10     | Killed Snorg
 14084 | D:10     | Killed an unseen horror
 14493 | D:11     | Reached skill level 12 in Spellcasting
 14585 | D:11     | Noticed a hill giant
 14588 | D:11     | Killed a hill giant
 14750 | D:11     | Noticed a white ugly thing
 14760 | D:11     | Killed a white ugly thing
 15006 | D:11     | Noticed a purple ugly thing
 15013 | D:11     | Killed a purple ugly thing
 15013 | D:11     | Reached skill level 5 in Dodging
 15263 | D:11     | Noticed a hill giant
 15267 | D:11     | Killed a hill giant
 15338 | D:11     | Offered knowledge of Throw Frost by Vehumet.
 15443 | D:11     | Noticed a white ugly thing
 15447 | D:11     | Killed a white ugly thing
 16162 | D:11     | Noticed a hill giant
 16168 | D:11     | Killed a hill giant
 16168 | D:11     | Reached skill level 1 in Fighting
 16168 | D:11     | Reached skill level 13 in Spellcasting
 16245 | D:11     | Reached *** piety under Vehumet
 16259 | D:11     | Noticed a green ugly thing
 16264 | D:11     | Killed a green ugly thing
 16264 | D:11     | Reached XP level 12. HP: 61/61 MP: 10/31
 16423 | D:12     | Noticed a five-headed hydra
 16425 | D:12     | Killed a five-headed hydra
 16671 | Lair:1   | Entered Level 1 of the Lair of Beasts
 16993 | Lair:1   | Identified a scroll of acquirement
 17780 | Lair:2   | Offered knowledge of Sticky Flame by Vehumet.
 18847 | Lair:2   | Found a staircase to the Shoals.
 19405 | Lair:3   | Found a staircase to the Snake Pit.
 20286 | Lair:4   | Noticed Kirke
 20289 | Lair:4   | Killed Kirke
 20289 | Lair:4   | Reached skill level 14 in Spellcasting
 20467 | Lair:4   | Noticed a five-headed hydra
 20472 | Lair:4   | Killed a five-headed hydra
 20685 | Lair:4   | Reached **** piety under Vehumet
 20707 | Lair:4   | Noticed Nessos
 20711 | Lair:4   | Killed Nessos
 20751 | Lair:4   | Reached XP level 13. HP: 69/72 MP: 6/33
 20929 | Lair:4   | Offered knowledge of Conjure Flame by Vehumet.
 21167 | Lair:4   | Noticed Harold
 21176 | Lair:4   | Killed Harold
 22075 | Lair:5   | Reached skill level 5 in Fighting
 22583 | Lair:6   | Entered Level 6 of the Lair of Beasts
 22926 | Lair:6   | Found a staircase to the Slime Pits.
 22987 | Lair:6   | Reached skill level 10 in Dodging
 23248 | Lair:6   | Reached ***** piety under Vehumet
 23248 | Lair:6   | Reached skill level 15 in Spellcasting
 23312 | Lair:5   | Offered knowledge of Orb of Destruction by Vehumet.
 23321 | Lair:5   | Learned a level 7 spell: Orb of Destruction
 25943 | D:12     | Noticed Sonja
 25948 | D:12     | Killed Sonja
 26037 | D:12     | Reached XP level 14. HP: 80/80 MP: 19/35
 26441 | D:12     | Offered knowledge of Ozocubu's Refrigeration by Vehumet.
 26770 | D:12     | Found a staircase to the Orcish Mines.
 27218 | Orc:1    | Entered Level 1 of the Orcish Mines
 27706 | Orc:2    | Entered Level 2 of the Orcish Mines
 27933 | Orc:2    | Found a radiant altar of Vehumet.
 28046 | Orc:2    | Offered knowledge of Conjure Ball Lightning by Vehumet.
 28491 | Orc:2    | Found a staircase to the Elven Halls.
 28534 | Orc:2    | Reached skill level 16 in Spellcasting
 28590 | Orc:2    | Found Heh Liga's Gadget Emporium.
 28590 | Orc:2    | Found Ceheelikk's Antique Weapon Boutique.
 28717 | Orc:2    | Found a roughly hewn altar of Beogh.
 28896 | Orc:2    | Noticed Azrael
 29021 | Orc:2    | Noticed Rupert
 29027 | Orc:2    | Killed Rupert
 29027 | Orc:2    | Reached skill level 15 in Conjurations
 29291 | Orc:2    | Offered knowledge of Venom Bolt by Vehumet.
 29443 | Orc:2    | Killed Azrael
 30012 | Orc:2    | Found Daudghups's Antique Armour Emporium.
 30012 | Orc:2    | Found Ostaof's Food Boutique.
 30058 | Orc:2    | Noticed an orc warlord
 30065 | Orc:2    | Killed an orc warlord
 30239 | Orc:2    | Bought a faintly glowing ring mail for 252 gold pieces
 30250 | Orc:2    | Identified the +1 ring mail "Nuyturir" {MP+9} (You bought it in a shop on level 2 of the Orcish Mines)
 30597 | D:7      | Bought a shiny buckler for 189 gold pieces
 30597 | D:7      | Bought a pair of crude gloves for 171 gold pieces
 30617 | D:7      | Identified the +5 pair of gloves of Articulation {Int+3 Dex+4 Stlth-} (You bought it in a shop on level 7 of the Dungeon)
 30825 | D:13     | Reached skill level 1 in Armour
 31579 | D:13     | Reached XP level 15. HP: 72/88 MP: 2/37
 32162 | D:13     | Found a gate to the Vaults.
 32249 | D:13     | Reached skill level 5 in Stealth
 32906 | D:14     | Offered knowledge of Poison Arrow by Vehumet.
 33664 | D:15     | Entered Level 15 of the Dungeon
 33766 | D:15     | Found a burning altar of Makhleb.
 34028 | D:15     | Found a sparkling altar of Nemelex Xobeh.
 34622 | D:15     | Got a serpentine tin amulet
 34624 | D:15     | Identified the amulet "Xalalat" {RegenMP rElec} (You acquired it on level 15 of the Dungeon)
 35168 | D:15     | Found a staircase to the Depths.
 35168 | D:15     | Noticed a frost giant
 35178 | D:15     | Killed a frost giant
 35619 | D:15     | Learned a level 2 spell: Blink
 35898 | Snake:1  | Entered Level 1 of the Snake Pit
 35903 | Snake:1  | Reached skill level 1 in Translocations
 36059 | Snake:1  | HP: 4/90 [black mamba (11)]
 36061 | Snake:1  | HP: 1/90 [poisoned by a naga ritualist]
 36469 | Shoals:1 | Entered Level 1 of the Shoals
 37024 | Shoals:1 | Offered knowledge of Freezing Cloud by Vehumet.
 38206 | Shoals:2 | Reached skill level 5 in Armour
 38350 | Shoals:2 | Reached XP level 16. HP: 96/96 MP: 38/38
 38367 | Shoals:2 | HP: 4/96 [water nymph/the raging water (10)]
 38368 | Shoals:2 | HP: 1/96 [water nymph/the raging water (3)]
 38395 | Shoals:2 | Shot with a sling bullet by a faun

Skill      XL: |  1  2  3  4  5  6  7  8  9 10 11 12 13 14 15 |
---------------+----------------------------------------------+-----
Conjurations   | 5 7 8 9 10 11 12 13 14 15 | 15.2
Spellcasting   | 5 6 7 8 10 11 13 14 15 16 | 16.4
Charms         | 1 4 6 7 |  7.2
Shields        | 2 3 4 6 |  6.2
Hexes          | 4 7 9 |  9.6
Dodging        | 6 9 11 12 14 | 14.1
Fighting       | 1 4 6 8 9 |  9.6
Armour         | 2 5 |  5.1
Stealth        | 4 8 |  8.8
Translocations | 4 |  4.9

Action                   |  1- 3 |  4- 6 |  7- 9 | 10-12 | 13-15 | 16-18 || total
-------------------------+-------+-------+-------+-------+-------+-------++-------
Melee: Unarmed           |     3 |     3 |     7 |       |       |       ||    13
       Staff             |       |       |       |       |    49 |       ||    49
 Cast: Magic Dart        |    42 |    72 |   332 |   267 |   503 |     5 ||  1221
       Searing Ray       |     1 |     7 |    35 |     3 |       |       ||    46
       Iskenderun's Myst |       |       |    34 |   162 |   437 |    19 ||   652
       Fulminant Prism   |       |       |     1 |    10 |    16 |       ||    27
       Iskenderun's Batt |       |       |     9 |    55 |   161 |     3 ||   228
       Orb of Destructio |       |       |       |       |     9 |       ||     9
Evoke: Wand              |       |       |       |       |     1 |       ||     1
  Use: Potion            |       |     1 |       |     5 |     9 |     4 ||    19
       Scroll            |       |       |     1 |    15 |    22 |     2 ||    40
  Eat: Chunk             |       |     7 |    18 |    31 |    51 |     1 ||   108
       Beef jerky        |       |       |     2 |       |       |       ||     2
       Meat ration       |       |       |     1 |       |       |       ||     1
       Royal jelly       |       |       |       |     1 |     1 |       ||     2
       Pizza             |       |       |       |     1 |     1 |       ||     2
       Fruit             |       |       |       |       |     1 |       ||     1
Armor: Robe              |     1 |    13 |    41 |    41 |       |       ||    96
       Troll leather arm |       |       |       |       |    77 |       ||    77
       Ring mail         |       |       |       |       |    49 |     1 ||    50
Dodge: Dodged            |     1 |    44 |   106 |   144 |   330 |     1 ||   626
Block: Buckler           |       |       |     7 |    60 |   150 |     1 ||   218
